 Dungeon Crawl Stone Soup version 0.14-a0-3134-g2c86dbf (webtiles) character file.

656 Quh the Ruinous (level 6, -1/32 HPs)
             Began as a Deep Elf Conjurer on Mar 8, 2014.
             Shot with an arrow by a centaur (2 damage)
             ... on Level 4 of the Dungeon.
             The game lasted 00:20:23 (3205 turns).

Quh the Ruinous (Deep Elf Conjurer)                 Turns: 3205, Time: 00:20:24

HP  -1/32        AC  4     Str  7      XL: 6   Next: 68%
MP  13/18        EV 13     Int 20      God:
Gold 220         SH  0     Dex 15      Spells:  3 memorised,  4 levels left

rFire  . . .     SeeInvis .     q - +4,+2 quarterstaff (chaos)
rCold  . . .     Clarity  .     k - +0 robe
rNeg   . . .     Conserve .     (no shield)
rPois  .         rCorr    .     j - +0 helmet
rElec  .         rRot     .     r - +0 cloak
SustAb . .       Spirit   .     (no gloves)
rMut   .         Warding  .     (no boots)
Saprov . . .     Stasis   .     (no amulet)
MR     .....                    (no ring)
                                (no ring)

@: not resistant to hostile enchantments, fairly stealthy
A: no striking features
a: no special abilities


You were on level 4 of the Dungeon.
You were not hungry.

You visited 1 branch of the dungeon, and saw 4 of its levels.

You collected 220 gold pieces.

Inventory:

Hand weapons
 a - a +0,+0 dagger of speed
 q - a +4,+2 quarterstaff of chaos (weapon)
 s - a cursed -3,-1 hammer
Armour
 h - a +0 cloak
 j - a +0 helmet (worn)
 k - a +0 robe (worn)
 r - a +0 cloak (worn)
Magical devices
 p - a wand of magic darts (3)
Comestibles
 b - 2 bread rations
 l - a rotting chunk of adder flesh
 m - a choko
 x - a chunk of hobgoblin flesh
Scrolls
 e - 2 scrolls of amnesia {unknown}
 g - 3 scrolls of teleportation
 i - a scroll of fog {unknown}
 n - 2 scrolls of noise {unknown}
 o - 2 scrolls of enchant weapon II {unknown}
 u - a scroll of random uselessness {unknown}
 w - a scroll of fear {unknown}
 y - a scroll of enchant weapon I {unknown}
 A - a scroll of enchant armour {unknown}
Jewellery
 v - an uncursed amulet of rage
Potions
 f - a potion of brilliance
 t - 2 potions of curing
 z - a potion of restore abilities {unknown}
 C - a potion of poison {unknown}
Books
 c - a book of Conjurations

   Spells                             Type                      Level
   *Magic Dart                        Conjuration                  1
   *Searing Ray                       Conjuration                  2
   Dazzling Spray                     Conjuration/Hexes            3
   Fulminant Prism                    Conjuration/Hexes            4
   Iskenderun's Mystic Blast          Conjuration                  4
   *Iskenderun's Battlesphere         Conjuration/Charms           5


   Skills:
 - Level 2.4 Dodging
 - Level 2.4 Stealth
 - Level 3.5 Spellcasting
 * Level 7.8 Conjurations
 * Level 4.7 Charms


You had 4 spell levels left.
You knew the following spells:

 Your Spells              Type           Power        Failure   Level  Hunger
a - Magic Dart            Conj           ####         1%          1    None
b - Searing Ray           Conj           ####..       1%          2    ##.....
c - Iskenderun's Battles  Conj/Chrm      ####....     30%         5    #####..


Dungeon Overview and Level Annotations

Branches:
Dungeon (4/16)
 Temple: D:4-7

Altars:


Message History

You see here a giant club.
A centaur comes into view.
The centaur shouts!
The centaur wields a bow.
The centaur shoots an arrow.
The arrow misses you.
The centaur shoots an arrow.
The arrow hits you!
* * * LOW HITPOINT WARNING * * *
Things that are here:
an arrow; a giant newt corpse The centaur shoots an arrow.
The arrow misses you.
You see here an arrow.
You see here a giant club.
The centaur shoots an arrow.
The arrow hits you!
* * * LOW HITPOINT WARNING * * *
The centaur shoots an arrow.
The arrow hits you!
You see here 2 arrows.
The centaur shoots an arrow.
The arrow hits you!
* * * LOW HITPOINT WARNING * * *
You see here an arrow.
The centaur shoots an arrow.
The arrow hits you!
You die...

#.......#
....#####.......#
.....c..c....(..#
#.#######(####### #.#
#)# #(#
#.#######(#######
.........@......#
########.######## #.#
#.# #.#
###############.#######
.......................#
.....######.###########
.....# #.#


You could see a centaur.

Vanquished Creatures
  An ogre (D:4)
  4 wights (D:4)
  Crazy Yiuf (D:2)
  4 gnolls
  4 adders
  An adder skeleton (D:4)
  An ooze (D:3)
  5 orcs
  3 ball pythons
  14 goblins
  15 hobgoblins
  4 jackals (D:1)
  11 bats
  2 giant cockroaches (D:3)
  A giant gecko (D:3)
  6 giant newts
  14 kobolds
  10 rats
101 creatures vanquished.

Notes
Turn   | Place    | Note
--------------------------------------------------------------
     0 | D:1      | Quh, the Deep Elf Conjurer, began the quest for the Orb.
     0 | D:1      | Reached XP level 1. HP: 10/10 MP: 5/5
   160 | D:1      | Reached XP level 2. HP: 15/15 MP: 3/8
   164 | D:1      | Reached skill level 5 in Conjurations
   266 | D:1      | Learned a level 2 spell: Searing Ray
   752 | D:1      | Reached XP level 3. HP: 19/19 MP: 6/10
   958 | D:2      | Noticed Crazy Yiuf
   974 | D:2      | Killed Crazy Yiuf
   974 | D:2      | Reached skill level 6 in Conjurations
   974 | D:2      | Reached XP level 4. HP: 6/24 MP: 0/13
  1874 | D:3      | Reached XP level 5. HP: 26/28 MP: 1/16
  1994 | D:3      | Learned a level 5 spell: Iskenderun's Battlesphere
  2343 | D:3      | Reached skill level 7 in Conjurations
  2363 | D:3      | Reached skill level 1 in Charms
  2813 | D:4      | Reached XP level 6. HP: 27/32 MP: 6/18
  3077 | D:4      | Noticed an ogre
  3110 | D:4      | Killed an ogre
  3204 | D:4      | HP: 1/32 [centaur/arrow (1)]
  3205 | D:4      | Shot with an arrow by a centaur

Action                   |  1- 3 |  4- 6 || total
-------------------------+-------+-------++-------
Melee: Unarmed           |     7 |       ||     7
       Quarterstaff      |       |     2 ||     2
 Cast: Magic Dart        |    44 |   122 ||   166
       Searing Ray       |    10 |    47 ||    57
  Use: Scroll            |       |     5 ||     5
       Potion            |       |     1 ||     1
